 Dungeon Crawl Stone Soup version 0.31-a0-232-gb1c03b2570 (webtiles) character file.

Game seed: 17682130365153660834

42 qw the Shooter (level 3, -5/29 HPs)
             Began as a Minotaur Hexslinger on July 7, 2023.
             Slain by Terence
             ... wielding a +0 falchion
              (8 damage)
             ... on level 2 of the Dungeon.
             The game lasted 00:00:19 (594 turns).

qw the Shooter (Minotaur Hexslinger)                 Turns: 594, Time: 00:00:20

Health: -5/29      AC:  3    Str: 12    XL:     3   Next: 33%
Magic:  3/3        EV: 12    Int: 10    God:
Gold:   82         SH:  0    Dex: 14    Spells: 3/4 levels left

rFire   . . .        Y - +1 sling
rCold   . . .        (no shield)
rNeg    . . .        i - +0 leather armour
rPois   .            (helmet restricted)
rElec   .            (no cloak)
rCorr   .            (no gloves)
SInv    .            (no boots)
Will    .....        (no amulet)
Stlth   +            (no ring)
HPRegen 0.24/turn    (no ring)
MPRegen 0.08/turn

%: no passive effects
@: about to teleport
A: horns 2, retaliatory headbutt
a: no special abilities


You were on level 2 of the Dungeon.
You visited 1 branch of the dungeon, and saw 2 of its levels.

You collected 82 gold pieces.


Innate Abilities, Weirdness & Mutations

You have a pair of horns on your head.
You reflexively headbutt those who attack you in melee.


   Skills:
 - Level 2.0 Fighting
 + Level 3.9 Ranged Weapons
 - Level 2.1 Dodging
 - Level 1.0 Spellcasting
 - Level 2.0 Hexes


You had 3 spell levels left.
You knew the following spells:

 Your Spells              Type           Power      Damage    Failure   Level
a - Slow                  Hex            16%        N/A       19%         1

Your spell library contained the following spells:

 Spells                   Type           Power      Damage    Failure   Level
 Inner Flame              Hex/Fire       2%         N/A       65%         3
 Portal Projectile        Hex/Tloc       4%         N/A       65%         3
 Cause Fear               Hex            2%         N/A       88%         4

Inventory:

Hand Weapons
 Y - a +1 sling (weapon)
Armour
 i - a +0 leather armour (worn)
Potions
 e - a potion of invisibility {unknown}
 f - 2 potions of curing
 h - a potion of mutation {unknown}

Dungeon Overview and Level Annotations

Branches:
Dungeon (2/15)

Altars:

Annotations:
D:2 Robin, Terence


Message History

You shoot a sling bullet. The sling bullet hits the hobgoblin.
The hobgoblin is almost dead.
The hobgoblin hits you but does no damage.
You shoot a sling bullet.
The sling bullet hits the hobgoblin but does no damage.
The hobgoblin is almost dead.
A hobgoblin comes into view.
You shoot a sling bullet.
The sling bullet barely misses the hobgoblin.
The hobgoblin shouts!
You hear a shout!
The hobgoblin barely misses you. You furiously retaliate!
You headbutt the hobgoblin.
You kill the hobgoblin!
The goblin shoots a sling bullet.
The sling bullet closely misses you.
You shoot a sling bullet. The sling bullet hits the goblin!
You kill the goblin!
A goblin comes into view. It is wielding a +0 dagger.
You shoot a sling bullet. The sling bullet hits the goblin.
You kill the goblin!
The goblin misses you.
You shoot a sling bullet. The sling bullet hits Terence.
Terence is moderately wounded.
A ball python comes into view.
The goblin hits you with a +0 club. Terence hits you but does no damage.
You shoot a sling bullet. The sling bullet hits Terence.
Terence is heavily wounded.
Terence barely misses you. You furiously retaliate!
You headbutt Terence! The goblin hits you with a +0 club.
You shoot a sling bullet. The sling bullet hits Terence.
Terence is almost dead.
The goblin closely misses you. Terence hits you with a +0 falchion.
Terence barely misses you. The goblin barely misses you.
You furiously retaliate!
You headbutt the goblin!
You kill the goblin!
594 ||| READING scroll of teleportation.
As you read the scroll of teleportation, it crumbles to dust.
You feel strangely unstable. Terence hits you with a +0 falchion!
You die...

#.....####
#........#
#....#.#.######
.......
####.#.#.##...#
.......
#.#.#.##...#
.......
######.#)...#...#
.......
.....#.###......#
.....g. ####.#.#
#.#....##(.....g
.....#.#
#.##...@#.)..g..
######.#
#.##...)@ggS....
.......#
#.##...##g..)...
######## #.##...#
....... #.######
####### #. # . #


You could see Terence, a hobgoblin, 2 goblins and a ball python.

Vanquished Creatures
  A dart slug (D:1)
  7 ball pythons (D:1)
  3 bats (D:1)
  3 endoplasms
  A giant cockroach (D:1)
  7 goblins (D:2)
  4 hobgoblins
  3 frilled lizards
  4 kobolds
  2 rats (D:1)
35 creatures vanquished.

Notes
Turn   | Place    | Note
-------+----------+-------------------------------------------
     0 | D:1      | qw the Minotaur Hexslinger began the quest for the Orb.
     0 | D:1      | Reached XP level 1. HP: 16/16 MP: 1/1
     0 | D:1      | 0 ||| qw: Version: 0.3-a-46-gb1f654a
     0 | D:1      | 0 ||| qw: Game counter: 2361
     0 | D:1      | 0 ||| qw: Melee chars always use a shield: true
     0 | D:1      | 0 ||| qw: God list: Okawaru
     0 | D:1      | 0 ||| qw: Allow faded altars: false
     0 | D:1      | 0 ||| qw: Do Orc after clearing Dungeon:15 true
     0 | D:1      | 0 ||| qw: Do second Lair branch before Depths: true
     0 | D:1      | 0 ||| qw: Lair rune preference: random
     0 | D:1      | 0 ||| qw: Goals: Normal
     0 | D:1      | 0 ||| PLANNING D:1-11
    82 | D:1      | Reached skill level 3 in Ranged Weapons
    82 | D:1      | Reached XP level 2. HP: 15/23 MP: 2/2
   457 | D:1      | 457 ||| UPGRADING to +0 leather armour.
   467 | D:1      | 467 ||| DROPPING +0 robe.
   468 | D:1      | 468 ||| READING 2 scrolls labelled LADUG OGRE.
   473 | D:1      | 473 ||| READING scroll labelled LYFOGO TIZUKO.
   474 | D:1      | 474 ||| READING scroll labelled QYTILEF IKIS.
   475 | D:1      | 475 ||| READING scroll labelled ITUPLO SOEVY.
   476 | D:1      | 476 ||| DRINKING 3 amethyst potions.
   477 | D:1      | 477 ||| DROPPING scroll of poison.
   497 | D:2      | Reached XP level 3. HP: 29/29 MP: 3/3
   576 | D:2      | Noticed Terence
   578 | D:2      | Noticed Robin
   579 | D:2      | 579 ||| Stepping ~*~*~tactically~*~*~ (outnumbered).
   593 | D:2      | HP: 3/29 [Terence/+0 falchion (6)]
   594 | D:2      | 594 ||| READING scroll of teleportation.
   594 | D:2      | Slain by Terence

Levels and vault maps discovered:
D:1:      dpeg_arrival_rhombi, layout_rooms, minmay_small_reverse_x
D:2:      layout_basic, serial_glass, glass_columns_c, glass_columns_a,
          uniq_sigmund, uniq_robin, uniq_terence, uniq_crazy_yiuf_cottage

Skill      XL: |  1  2 |
---------------+-------+-----
Ranged Weapons | 3 |  3.9
Fighting       | 2 |  2.0
Dodging        | |  2.1
Spellcasting   | |  1.0
Hexes          | |  2.0

Action                     || total
---------------------------++-------
   Fire: Sling             ||    79
    Use: Scroll            ||     5
         Potion            ||     1
 Armour: Robe              ||     7
         Leather armour    ||     5
  Dodge: Dodged            ||    29

Table legend:
 A = Non-vault XP
 B = Vault XP
 C = Vault XP percentage of total XP
 D = Non-vault monster count
 E = Vault monster count
 F = Vault count percentage of total count
                 A         B        C        D         E       F
            +---------+---------+-------+---------+---------+-------
      Total |      39 |      21 |  35.0 |      23 |      12 |  34.3
            +---------+---------+-------+---------+---------+-------
        D:1 |      32 |       5 |  13.5 |      19 |       4 |  17.4
        D:2 |       7 |      16 |  69.6 |       4 |       8 |  66.7
            +---------+---------+-------+---------+---------+-------
